Map: World of Sleepers LE

Players

Cham

  • Race: Zerg Zerg
  • League: Master
  • Spawn Location: 1:00

Lobo - Winner!

  • Race: Protoss Protoss
  • Spawn Location: 7:00

Event: NationWars 2019

VOD

Have the link to the VOD?

Description

Time

  • Played on: Oct. 5, 2019, 1:51 p.m.
  • Length: 8:38
Show
View Real Time Build Order
Export as new Build Order

Cham Zerg 

Build Orders: Hatch First 

Get SALT Encoding   

  12  0:01  Drone  
  13  0:10  Drone  
  14  0:17  Overlord  
  14  0:36  Drone x2  
  16  0:46  Hatchery  
  15  0:51  Drone  
  15  0:54  Drone  
  17  0:58  Drone  
  18  1:09  Extractor  
  17  1:13  Spawning Pool  
  17  1:16  Drone  
  17  1:20  Drone  
  18  1:30  Drone  
  19  1:45  Drone  
  20  2:00  Queen x2  
  24  2:01  Zergling x4  
  24  2:08  Drone  
  27  2:11  Metabolic Boost  
  27  2:13  Overlord  
  27  2:14  Drone  
  28  2:30  Hatchery  
  28  2:33  Drone x2  
  28  2:36  Drone  
  30  2:44  Queen  
  30  2:49  Overlord  
  32  2:52  Drone  
  32  2:56  Zergling x4  
  35  3:03  Overlord  
  35  3:10  Drone x3  
  35  3:11  Drone  
  39  3:13  Spore Crawler  
  35  3:31  Spore Crawler  
  35  3:32  Drone  
  35  3:33  Drone x5  
  40  3:42  Drone x5  
  45  3:48  Drone x3  
  48  3:59  Drone x2  
  48  4:00  Drone  
  53  4:04  Queen  
  53  4:06  Queen  
  55  4:13  Overlord  
  55  4:15  Drone x2  
  57  4:18  Roach Warren, Drone  
  57  4:25  Overlord  
  57  4:31  Drone x2  
  57  4:32  Drone x2  
  57  4:34  Lair  
  57  4:38  Spore Crawler x2  
  59  4:39  Drone  
  59  4:40  Drone  
  59  4:42  Overlord  
  61  4:46  Zergling x6  
  61  4:47  Zergling x2  
  61  4:48  Zergling x2  
  61  4:50  Zergling x2  
  61  4:51  Zergling x2  
  68  4:55  Spine Crawler  
  68  4:56  Spine Crawler  
  68  4:59  Roach x2, Extractor  
  71  5:00  Extractor  
  71  5:02  Roach  
  71  5:03  Roach  
  71  5:05  Roach  
  78  5:07  Roach  
  78  5:11  Spore Crawler  
  78  5:14  Spore Crawler, Roach x2  
  78  5:16  Overlord  
  78  5:21  Zergling x2, Overlord  
  81  5:24  Spine Crawler  
  81  5:29  Overlord  
  81  5:35  Roach x4  
  83  5:37  Zergling x4  
  83  5:38  Zergling x4  
  87  5:43  Roach  
  87  5:46  Queen  
  87  5:47  Zergling x2  
  87  5:49  Spine Crawler, Roach  
  87  5:59  Roach  
  79  6:09  Roach  
  73  6:14  Zergling x10  
  73  6:15  Queen x2  
  79  6:21  Zergling x2, Roach  
  78  6:31  Zergling x4  
  78  6:32  Zergling x2  
  66  6:36  Zergling x2  
  54  6:44  Zergling x4  
  54  6:45  Zergling x2  
  41  6:57  Zergling x6  
  30  7:11  Zergling x6  
Show
View Real Time Build Order
Export as new Build Order

Lobo Protoss - Winner!

Build Orders: 1 Gate Expand 

Get SALT Encoding   

  12  0:00  Probe  
  13  0:13  Probe  
  14  0:21  Pylon  
  14  0:25  Probe  
  15  0:39  Probe (Chrono Boost)  
  16  0:45  Gateway  
  16  0:48  Probe (Chrono Boost)  
  16  0:49  Assimilator  
  17  0:53  Probe (Chrono Boost)  
  18  1:05  Probe  
  19  1:17  Probe  
  20  1:25  Nexus  
  20  1:34  Cybernetics Core  
  20  1:37  Probe  
  21  1:42  Assimilator  
  21  1:49  Probe  
  21  1:51  Pylon  
  23  2:01  Probe  
  23  2:07  Adept (Chrono Boost)  
  23  2:11  Warp Gate  
  23  2:13  Probe  
  26  2:22  Robotics Facility  
  26  2:25  Probe  
  27  2:30  Adept (Chrono Boost)  
  29  2:37  Probe  
  29  2:38  Probe  
  31  2:49  Probe  
  31  2:50  Probe  
  33  3:00  Stalker  
  33  3:01  Probe  
  33  3:03  Probe  
  37  3:08  Warp Prism (Chrono Boost)  
  39  3:14  Probe  
  36  3:37  Sentry  
  36  3:39  Twilight Council  
  42  3:41  Gateway, Immortal (Chrono Boost)  
  42  3:42  Gateway  
  42  3:46  Pylon  
  42  4:08  Charge (Chrono Boost)  
  42  4:11  Immortal (Chrono Boost)  
  46  4:19  Gateway  
  46  4:20  Gateway  
  46  4:24  Gateway x2  
  46  4:27  Zealot  
  48  4:32  Pylon  
  48  4:38  Zealot  
  50  4:40  Pylon  
  50  4:41  Zealot  
  52  4:50  Zealot  
  54  4:59  Pylon  
  54  5:00  Zealot  
  54  5:01  Zealot  
  58  5:17  Zealot x3  
  58  5:19  Zealot x2  
  68  5:22  Zealot x2  
  72  5:43  Zealot x3  
  72  5:48  Pylon  
  72  5:49  Pylon  
  72  6:05  Zealot  
  72  6:06  Zealot x4  
  72  6:07  Zealot x2  
  66  6:27  Zealot x4  
  66  6:28  Zealot x3  
  54  6:54  Zealot x6  
  52  6:55  Zealot  
  58  7:05  Warp Prism (Chrono Boost)  
  56  7:10  Zealot  
Tags
 
Add a new tag
Caveats
  • Supply blocks, unpowered buildings, or Contaminate may cause inaccurate times.
  • Supply counts are checked every 10 seconds.